Workbook

Sheet TableA1.15
A1: OUTPUT, SAVING AND INVESTMENT AT CURRENT PRICES [TABLE A1.15]
B2: 2020 | C2: 2021 | D2: 2022 | E2: 2023 | F2: 2024p | G2: 2020 | H2: 2021 | I2: 2022 | J2: 2023 | K2: 2024p
B3: Million Dollars | G3: Annual Percentage Change
A4: Gross National Income
A5: Gross National Income | B5: 419977.9 | C5: 498466.8 | D5: 561179.7 | E5: 553846.9 | F5: 612524.6 | G5: -6.9 | H5: 18.7 | I5: 12.6 | J5: -1.3 | K5: 10.6
A6: Gross Domestic Product | B6: 481758.8 | C6: 586553.1 | D6: 701766.1 | E6: 678687.5 | F6: 731436.1 | G6: -6.1 | H6: 21.8 | I6: 19.6 | J6: -3.3 | K6: 7.8
A7: Net Income from Abroad | B7: -61780.9 | C7: -88086.3 | D7: -140586.4 | E7: -124840.6 | F7: -118911.5 | G7: na | H7: na | I7: na | J7: na | K7: na
A8: Generation of Gross National Saving
A9: Gross National Saving | B9: 194179.6 | C9: 257009.9 | D9: 285168.2 | E9: 264226.8 | F9: 290679.4 | G9: -5.1 | H9: 32.4 | I9: 11 | J9: -7.3 | K9: 10
A10: Gross Domestic Saving | B10: 261733 | C10: 353571 | D10: 435747.2 | E10: 398207.8 | F10: 419708.3 | G10: -5.4 | H10: 35.1 | I10: 23.2 | J10: -8.6 | K10: 5.4
A11: Gross Domestic Product | B11: 481758.8 | C11: 586553.1 | D11: 701766.1 | E11: 678687.5 | F11: 731436.1 | G11: -6.1 | H11: 21.8 | I11: 19.6 | J11: -3.3 | K11: 7.8
A12: Less: Private & Government Consumption
A13: Expenditure | B13: 213658.4 | C13: 230861 | D13: 261282.5 | E13: 282254.5 | F13: 307810.2 | G13: -9.3 | H13: 8.1 | I13: 13.2 | J13: 8 | K13: 9.1
A14: Statistical Discrepancy | B14: -6367.4 | C14: -2121.1 | D14: -4736.4 | E14: 1774.8 | F14: -3917.5 | G14: na | H14: na | I14: na | J14: na | K14: na
A15: Net Income from Abroad | B15: -61780.9 | C15: -88086.3 | D15: -140586.4 | E15: -124840.6 | F15: -118911.5 | G15: na | H15: na | I15: na | J15: na | K15: na
A16: Net Current Transfers from Abroad | B16: -5772.5 | C16: -8474.8 | D16: -9992.6 | E16: -9140.4 | F16: -10117.4 | G16: na | H16: na | I16: na | J16: na | K16: na
A17: Finance of Gross Capital Formation
A18: Gross Capital Formation | B18: 109867 | C18: 140885.5 | D18: 155889.8 | E18: 144179 | F18: 162380.7 | G18: -12.6 | H18: 28.2 | I18: 10.7 | J18: -7.5 | K18: 12.6
A19: Gross National Saving | B19: 194179.6 | C19: 257009.9 | D19: 285168.2 | E19: 264226.8 | F19: 290679.4 | G19: -5.1 | H19: 32.4 | I19: 11 | J19: -7.3 | K19: 10
A20: Net Borrowing from/Lending to Abroad & Net Capital Transfers from Abroad1 | B20: -84312.6 | C20: -116124.4 | D20: -129278.4 | E20: -120047.8 | F20: -128298.7 | G20: na | H20: na | I20: na | J20: na | K20: na
A21: 1 A negative (-) figure denotes net lending to abroad while a positive (+) figure denotes net borrowing from abroad. | K21: Source: Singapore Department of Statistics

Sheet Sheet1
B2: =ROUND(TableA1.15!#REF!,1) -> #REF! | C2: =ROUND(TableA1.15!B5,1) -> 419977.9 | D2: =ROUND(TableA1.15!C5,1) -> 498466.8 | E2: =ROUND(TableA1.15!D5,1) -> 561179.7 | F2: =ROUND(TableA1.15!E5,1) -> 553846.9 | G2: =ROUND(TableA1.15!G5,1) -> -6.9 | H2: =ROUND(TableA1.15!H5,1) -> 18.7 | I2: =ROUND(TableA1.15!I5,1) -> 12.6 | J2: =ROUND(TableA1.15!J5,1) -> -1.3 | K2: =ROUND(TableA1.15!K5,1) -> 10.6
B3: =ROUND(TableA1.15!#REF!,1) -> #REF! | C3: =ROUND(TableA1.15!B6,1) -> 481758.8 | D3: =ROUND(TableA1.15!C6,1) -> 586553.1 | E3: =ROUND(TableA1.15!D6,1) -> 701766.1 | F3: =ROUND(TableA1.15!E6,1) -> 678687.5 | G3: =ROUND(TableA1.15!G6,1) -> -6.1 | H3: =ROUND(TableA1.15!H6,1) -> 21.8 | I3: =ROUND(TableA1.15!I6,1) -> 19.6 | J3: =ROUND(TableA1.15!J6,1) -> -3.3 | K3: =ROUND(TableA1.15!K6,1) -> 7.8
B4: =ROUND(TableA1.15!#REF!,1) -> #REF! | C4: =ROUND(TableA1.15!B7,1) -> -61780.9 | D4: =ROUND(TableA1.15!C7,1) -> -88086.3 | E4: =ROUND(TableA1.15!D7,1) -> -140586.4 | F4: =ROUND(TableA1.15!E7,1) -> -124840.6 | G4: =ROUND(TableA1.15!G7,1) -> #VALUE! | H4: =ROUND(TableA1.15!H7,1) -> #VALUE! | I4: =ROUND(TableA1.15!I7,1) -> #VALUE! | J4: =ROUND(TableA1.15!J7,1) -> #VALUE! | K4: =ROUND(TableA1.15!K7,1) -> #VALUE!
B6: =ROUND(TableA1.15!#REF!,1) -> #REF! | C6: =ROUND(TableA1.15!B9,1) -> 194179.6 | D6: =ROUND(TableA1.15!C9,1) -> 257009.9 | E6: =ROUND(TableA1.15!D9,1) -> 285168.2 | F6: =ROUND(TableA1.15!E9,1) -> 264226.8 | G6: =ROUND(TableA1.15!G9,1) -> -5.1 | H6: =ROUND(TableA1.15!H9,1) -> 32.4 | I6: =ROUND(TableA1.15!I9,1) -> 11 | J6: =ROUND(TableA1.15!J9,1) -> -7.3 | K6: =ROUND(TableA1.15!K9,1) -> 10
B7: =ROUND(TableA1.15!#REF!,1) -> #REF! | C7: =ROUND(TableA1.15!B10,1) -> 261733 | D7: =ROUND(TableA1.15!C10,1) -> 353571 | E7: =ROUND(TableA1.15!D10,1) -> 435747.2 | F7: =ROUND(TableA1.15!E10,1) -> 398207.8 | G7: =ROUND(TableA1.15!G10,1) -> -5.4 | H7: =ROUND(TableA1.15!H10,1) -> 35.1 | I7: =ROUND(TableA1.15!I10,1) -> 23.2 | J7: =ROUND(TableA1.15!J10,1) -> -8.6 | K7: =ROUND(TableA1.15!K10,1) -> 5.4
B8: =ROUND(TableA1.15!#REF!,1) -> #REF! | C8: =ROUND(TableA1.15!B11,1) -> 481758.8 | D8: =ROUND(TableA1.15!C11,1) -> 586553.1 | E8: =ROUND(TableA1.15!D11,1) -> 701766.1 | F8: =ROUND(TableA1.15!E11,1) -> 678687.5 | G8: =ROUND(TableA1.15!G11,1) -> -6.1 | H8: =ROUND(TableA1.15!H11,1) -> 21.8 | I8: =ROUND(TableA1.15!I11,1) -> 19.6 | J8: =ROUND(TableA1.15!J11,1) -> -3.3 | K8: =ROUND(TableA1.15!K11,1) -> 7.8
B10: =ROUND(TableA1.15!#REF!,1) -> #REF! | C10: =ROUND(TableA1.15!B13,1) -> 213658.4 | D10: =ROUND(TableA1.15!C13,1) -> 230861 | E10: =ROUND(TableA1.15!D13,1) -> 261282.5 | F10: =ROUND(TableA1.15!E13,1) -> 282254.5 | G10: =ROUND(TableA1.15!G13,1) -> -9.3 | H10: =ROUND(TableA1.15!H13,1) -> 8.1 | I10: =ROUND(TableA1.15!I13,1) -> 13.2 | J10: =ROUND(TableA1.15!J13,1) -> 8 | K10: =ROUND(TableA1.15!K13,1) -> 9.1
B11: =ROUND(TableA1.15!#REF!,1) -> #REF! | C11: =ROUND(TableA1.15!B14,1) -> -6367.4 | D11: =ROUND(TableA1.15!C14,1) -> -2121.1 | E11: =ROUND(TableA1.15!D14,1) -> -4736.4 | F11: =ROUND(TableA1.15!E14,1) -> 1774.8 | G11: =ROUND(TableA1.15!G14,1) -> #VALUE! | H11: =ROUND(TableA1.15!H14,1) -> #VALUE! | I11: =ROUND(TableA1.15!I14,1) -> #VALUE! | J11: =ROUND(TableA1.15!J14,1) -> #VALUE! | K11: =ROUND(TableA1.15!K14,1) -> #VALUE!
B12: =ROUND(TableA1.15!#REF!,1) -> #REF! | C12: =ROUND(TableA1.15!B15,1) -> -61780.9 | D12: =ROUND(TableA1.15!C15,1) -> -88086.3 | E12: =ROUND(TableA1.15!D15,1) -> -140586.4 | F12: =ROUND(TableA1.15!E15,1) -> -124840.6 | G12: =ROUND(TableA1.15!G15,1) -> #VALUE! | H12: =ROUND(TableA1.15!H15,1) -> #VALUE! | I12: =ROUND(TableA1.15!I15,1) -> #VALUE! | J12: =ROUND(TableA1.15!J15,1) -> #VALUE! | K12: =ROUND(TableA1.15!K15,1) -> #VALUE!
B13: =ROUND(TableA1.15!#REF!,1) -> #REF! | C13: =ROUND(TableA1.15!B16,1) -> -5772.5 | D13: =ROUND(TableA1.15!C16,1) -> -8474.8 | E13: =ROUND(TableA1.15!D16,1) -> -9992.6 | F13: =ROUND(TableA1.15!E16,1) -> -9140.4 | G13: =ROUND(TableA1.15!G16,1) -> #VALUE! | H13: =ROUND(TableA1.15!H16,1) -> #VALUE! | I13: =ROUND(TableA1.15!I16,1) -> #VALUE! | J13: =ROUND(TableA1.15!J16,1) -> #VALUE! | K13: =ROUND(TableA1.15!K16,1) -> #VALUE!
B15: =ROUND(TableA1.15!#REF!,1) -> #REF! | C15: =ROUND(TableA1.15!B18,1) -> 109867 | D15: =ROUND(TableA1.15!C18,1) -> 140885.5 | E15: =ROUND(TableA1.15!D18,1) -> 155889.8 | F15: =ROUND(TableA1.15!E18,1) -> 144179 | G15: =ROUND(TableA1.15!G18,1) -> -12.6 | H15: =ROUND(TableA1.15!H18,1) -> 28.2 | I15: =ROUND(TableA1.15!I18,1) -> 10.7 | J15: =ROUND(TableA1.15!J18,1) -> -7.5 | K15: =ROUND(TableA1.15!K18,1) -> 12.6
B16: =ROUND(TableA1.15!#REF!,1) -> #REF! | C16: =ROUND(TableA1.15!B19,1) -> 194179.6 | D16: =ROUND(TableA1.15!C19,1) -> 257009.9 | E16: =ROUND(TableA1.15!D19,1) -> 285168.2 | F16: =ROUND(TableA1.15!E19,1) -> 264226.8 | G16: =ROUND(TableA1.15!G19,1) -> -5.1 | H16: =ROUND(TableA1.15!H19,1) -> 32.4 | I16: =ROUND(TableA1.15!I19,1) -> 11 | J16: =ROUND(TableA1.15!J19,1) -> -7.3 | K16: =ROUND(TableA1.15!K19,1) -> 10
B17: =ROUND(TableA1.15!#REF!,1) -> #REF! | C17: =ROUND(TableA1.15!B20,1) -> -84312.6 | D17: =ROUND(TableA1.15!C20,1) -> -116124.4 | E17: =ROUND(TableA1.15!D20,1) -> -129278.4 | F17: =ROUND(TableA1.15!E20,1) -> -120047.8 | G17: =ROUND(TableA1.15!G20,1) -> #VALUE! | H17: =ROUND(TableA1.15!H20,1) -> #VALUE! | I17: =ROUND(TableA1.15!I20,1) -> #VALUE! | J17: =ROUND(TableA1.15!J20,1) -> #VALUE! | K17: =ROUND(TableA1.15!K20,1) -> #VALUE!
